 Dungeon Crawl Stone Soup version 0.21-a0-426-g98080a9 (webtiles) character file.

259 slep the Covered (level 6, -2/43 HPs)
             Began as a Barachi Fighter on Nov 7, 2017.
             Was a Follower of Hepliaklqana.
             Killed by divine providence
             ... invoked by an orc priest
              (11 damage)
             ... on level 4 of the Dungeon.
             The game lasted 00:13:59 (2366 turns).

slep the Covered (Barachi Fighter)                  Turns: 2366, Time: 00:13:59

Health: -2/43      AC:  8    Str: 17    XL:     6   Next: 17%
Magic:  6/6        EV:  8    Int:  8    God:    Hepliaklqana [*.....]
Gold:   158        SH:  9    Dex: 14    Spells: 5/5 levels left

rFire    . . .     SeeInvis .   u - -1 rapier (curse)
rCold    . . .     Gourm    .   c - +0 shield
rNeg     . . .     Faith    .   b - +0 scale mail
rPois    .         Spirit   .   (no helmet)
rElec    .         Reflect  .   l - +0 cloak
rCorr    .         Harm     .   (no gloves)
MR       .....                  (no boots)
Stlth    ..........             (no amulet)
HPRegen  0.14/turn              (no ring)
MPRegen  0.10/turn              (no ring)

@: slow
A: +LOS, swims, reduced essence, slowness 1, strong legs 1
a: Hop, Recall Ancestor, Ancestor Identity, Renounce Religion


You were on level 4 of the Dungeon.
You worshipped Hepliaklqana.
Hepliaklqana was aware of your devotion.
You were hungry.

You visited 1 branch of the dungeon, and saw 4 of its levels.

You collected 158 gold pieces.

Inventory:

Hand Weapons
 a - a +0 flail
 g - a +0 dagger of electrocution
 i - a +1 dagger of freezing
 u - a cursed -1 rapier (weapon)
 w - a +0 falchion
 x - a +0 mace of holy wrath
Missiles
 h - 99 stones (quivered)
Armour
 b - a +0 scale mail (worn)
 c - a +0 shield (worn)
 l - a +0 cloak (worn)
Wands
 A - a wand of polymorph (15/24)
Scrolls
 e - 5 scrolls of remove curse {unknown}
 q - a scroll of magic mapping {unknown}
 r - 2 scrolls of amnesia {unknown}
 s - 3 scrolls of identify {unknown}
 t - 2 scrolls of recharging {unknown}
 y - 2 scrolls of enchant weapon {unknown}
 z - a scroll of blinking {unknown}
Potions
 d - 2 potions of might
 j - 2 potions of flight {unknown}
 k - 2 potions of lignification {unknown}
 o - 3 potions of curing {unknown}
 p - a potion of haste
 v - a potion of berserk rage {unknown}
Comestibles
 f - 3 bread rations
 m - 3 meat rations
 n - 3 fruits


   Skills:
 + Level 4.2 Fighting
 + Level 2.3 Short Blades
 + Level 4.0 Maces & Flails
 + Level 4.6 Armour
 + Level 1.4 Dodging
 + Level 4.4 Shields


You had 5 spell levels left.
You didn't know any spells.

Dungeon Overview and Level Annotations

Branches:
Dungeon (4/15)             Temple (0/1) D:4

Altars:
Cheibriados
Hepliaklqana


Innate Abilities, Weirdness & Mutations

Shadows flee at your approach. (+LOS)
You can swim through water.
You cover ground slowly.
You can hop short distances.
Your life essence is reduced to manifest your ancestor. (-10% HP)


Message History

You see here a falchion.
Drop what? 26/52 slots (_ for help) (? for menu, Esc to quit)
Okay, then.
w - a falchion An orc priest comes into view.
The orc priest shouts!
Found a staircase to the Ecumenical Temple.
The orc priest mumbles some strange prayers to Beogh against you.
Beogh smites you!
An orc priest comes into view.
An orc priest comes into view. It is wielding a flail.
The orc priest shouts!
The orc priest calls down the wrath of Beogh upon you.
Beogh smites you!
The orc priest mumbles some strange prayers to Beogh against you.
Pain shoots through your body!
* * * LOW HITPOINT WARNING * * *
The orc priest invokes the aid of Beogh against you.
Beogh smites you!
You die...

#.........
..........
.........# #####
.........# P..P..
........# ...PP.
#.[....### ..o>P..
#......######o.PP...
#.....<......P!oP..
##.......R@........
##).)....##......#
#.†...### #....#
#.......# >.##
#(........... #
#.....##.....
#....### #####
#...## #...#


You could see the friendly fabani the ancestor and 3 orc priests.

Vanquished Creatures
  A hound (D:4)
  6 adders
  2 oozes (D:1)
  4 dart slugs
  2 leopard geckos
  9 orcs
  7 bats
  6 giant cockroaches
  9 goblins
  7 hobgoblins
  6 jackals
  3 quokkas
  A ball python (D:3)
  4 frilled lizards
  13 kobolds
  5 rats
85 creatures vanquished.

Vanquished Creatures (collateral kills)
  An orc priest (D:3)
  An orc wizard (D:4)
  An orc (D:3)
  2 goblins (D:3)
  A frilled lizard (D:3)
  A kobold (D:3)
7 creatures vanquished.

Vanquished Creatures (others)
  An ancestor (D:3)
  4 toadstools (D:1)
5 creatures vanquished.

Grand Total: 97 creatures vanquished

Notes
Turn   | Place    | Note
-------+----------+-------------------------------------------
     0 | D:1      | slep the Barachi Fighter began the quest for the Orb.
     0 | D:1      | Reached XP level 1. HP: 18/18 MP: 1/1
    44 | D:1      | Reached XP level 2. HP: 22/25 MP: 2/2
   368 | D:1      | Reached XP level 3. HP: 18/30 MP: 3/3
   733 | D:2      | Reached XP level 4. HP: 13/37 MP: 4/4
  1374 | D:2      | Found a hazy altar of Hepliaklqana.
  1380 | D:2      | Became a worshipper of Hepliaklqana the Forgotten
  1558 | D:3      | Found a snail-covered altar of Cheibriados.
  1617 | D:3      | Reached XP level 5. HP: 37/37 MP: 5/5
  1730 | D:3      | Reached skill level 1 in Short Blades
  1730 | D:3      | Reached skill level 1 in Dodging
  2081 | D:3      | Reached * piety under Hepliaklqana
  2342 | D:4      | Reached XP level 6. HP: 38/43 MP: 6/6
  2363 | D:4      | Found a staircase to the Ecumenical Temple.
  2366 | D:4      | Killed from afar by an orc priest

Vault maps used:
D:1:      ldierk_walled_garden_2, grunt_decor_fettered, amethyst_killhole,
          minmay_misc_feat_tiny, minmay_pentomino_x2
D:2:      marbit_many_paths, grunt_ministairs_11
D:3:      lemuel_round_altar, gup_sewer_entry_glass, first_bread
D:4:      nicolae_ru_the_path_less_chosen, minmay_temple_entry_overgrown

Skill      XL: |  1  2  3  4  5 |
---------------+----------------+-----
Maces & Flails | 3 4 |  4.0
Armour         | 4 |  4.6
Fighting       | 4 |  4.2
Shields        | 4 |  4.4
Short Blades   | 2 |  2.3
Dodging        | 1 |  1.4

Action                   |  1- 3 |  4- 6 || total
-------------------------+-------+-------++-------
Melee: Flail             |   128 |    76 ||   204
       Rapier            |       |   127 ||   127
Invok: Ancestor Identity |       |     1 ||     1
  Eat: Chunk             |       |     6 ||     6
Armor: Scale mail        |    63 |    80 ||   143
Dodge: Dodged            |    52 |    66 ||   118
Block: Shield            |    65 |   122 ||   187

Table legend:
 A = Spawn XP
 B = Non-spawn XP
 C = Spawn XP percentage of total XP
 D = Spawn monster count
 E = Non-spawn monster count
 F = Spawn count percentage of total count
 G = Total turns spent on level
                    A         B        C        D         E        F      G
               +---------+---------+-------+---------+---------+-------+---------
         Total |       0 |     371 |   0.0 |       0 |      92 |   0.0 |  2366
               +---------+---------+-------+---------+---------+-------+---------
           D:1 |       0 |      63 |   0.0 |       0 |      31 |   0.0 |   704
           D:2 |       0 |      83 |   0.0 |       0 |      25 |   0.0 |   813
           D:3 |       0 |     141 |   0.0 |       0 |      32 |   0.0 |   816
           D:4 |       0 |      84 |   0.0 |       0 |       4 |   0.0 |    33
               +---------+---------+-------+---------+---------+-------+---------
